 Dungeon Crawl Stone Soup version 0.26.1-11-gd32895ea62 (webtiles) character file.

Game seed: 9122611456167921129

67027 4Hooves2Appendages the Severer (level 14, -10/129 HPs)
             Began as a Minotaur Delver on Apr 10, 2021.
             Was a Priest of Uskayaw.
             Mangled by a dire elephant (18 damage)
             ... on level 6 of the Lair of Beasts on Apr 17, 2021.
             The game lasted 03:02:21 (26551 turns).

4Hooves2Appendages the Severer (Minotaur Delver)   Turns: 26551, Time: 03:02:22

Health: -10/129    AC: 11    Str: 25    XL:     14   Next: 81%
Magic:  16/20      EV: 19    Int: 11    God:    Uskayaw [***...]
Gold:   414        SH: 12    Dex: 11    Spells: 14/15 levels left

rFire    . . .     SeeInvis .   a - +8 broad axe (freeze)
rCold    . . .     Faith    .   n - +0 kite shield
rNeg     . . .     Spirit   .   m - +0 swamp dragon scales
rPois    +         Reflect  .   (helmet restricted)
rElec    .         Harm     .   G - +0 cloak
rCorr    .         Rampage  .   (no gloves)
Will     +....                  (no boots)
Stlth    +.........             (no amulet)
HPRegen  0.31/turn              h - +4 ring of evasion
MPRegen  0.17/turn              t - +6 ring of strength

@: very slow
A: retaliatory headbutt, horns 2
a: Renounce Religion, Stomp, Line Pass


You were on level 6 of the Lair of Beasts.
You worshipped Uskayaw.
Uskayaw was aware of your devotion.
You visited 4 branches of the dungeon, and saw 20 of its levels.

You collected 1006 gold pieces.
You spent 592 gold pieces at shops.

Inventory:

Hand Weapons
 a - a +8 broad axe of freezing (weapon)
 b - a +0 hunting sling
 k - the +1 hand axe "Qebaud" {flame, Int+4}
   (You found it on level 10 of the Dungeon)

   It has been specially enchanted to burn those struck by it, causing extra
   injury to most foes and up to half again as much damage against particularly
   susceptible opponents.
   Big, fiery blades are also staple armaments of hydra-hunters.
   It affects your intelligence (+4).
 M - a +0 longbow
 Y - a +1 dagger of distortion
Missiles
 l - 100 arrows
 o - 507 stones
 p - 42 poisoned darts (quivered)
 u - 8 silver javelins
 v - 94 sling bullets
 B - 5 atropa-tipped darts
 E - a throwing net
 F - 9 curare-tipped darts
 S - 12 javelins
Armour
 m - +0 swamp dragon scales (worn)
 n - a +0 kite shield (worn)
 q - a +2 robe of willpower
 G - a +0 cloak (worn)
 Z - a +3 leather armour of cold resistance
Jewellery
 h - a +4 ring of evasion (left hand)
 s - an uncursed ring of flight
 t - a +6 ring of strength (right hand)
 z - an uncursed ring of protection from fire
Wands
 g - a wand of digging (3)
 I - a wand of polymorph (6)
 P - a wand of iceblast (26)
 Q - a wand of acid (19)
 R - a wand of flame (11)
Scrolls
 c - a scroll of fog
 d - 3 scrolls of magic mapping
 e - a scroll of identify
 w - 12 scrolls of remove curse
 y - 2 scrolls of immolation
 A - 4 scrolls of teleportation
 K - 2 scrolls of blinking
 N - a scroll of enchant armour
 X - a scroll of silence
Potions
 f - a potion of haste
 i - a potion of berserk rage {unknown}
 j - 4 potions of attraction
 r - 8 potions of curing
 C - 5 potions of ambrosia
 D - 5 potions of might
 H - 5 potions of heal wounds
 J - a potion of flight {unknown}
 L - 3 potions of resistance
 O - 2 potions of lignification
 T - a potion of magic {unknown}
 U - 2 potions of brilliance
 W - 2 potions of cancellation
Miscellaneous
 x - a phial of floods (inert)
 V - a box of beasts


   Skills:
 + Level 13.3 Fighting
 + Level 15.1(15.6) Axes
 - Level 7.0(12.1) Maces & Flails
 - Level 4.0 Slings
 - Level 8.3 Armour
 - Level 11.4 Dodging
 - Level 4.1 Stealth
 + Level 9.1 Shields
 - Level 1.0 Spellcasting
 - Level 3.0 Necromancy
 + Level 10.4 Invocations
 + Level 5.4 Evocations


You had 14 spell levels left.
You knew the following spells:

 Your Spells              Type           Power        Failure   Level
a - Animate Skeleton      Necr           14%          28%         1

Your spell library contained the following spells:

 Spells                   Type           Power        Failure   Level
 Pain                     Necr           28%          28%         1
 Vampiric Draining        Necr           3%           65%         3
 Magic Dart               Conj           0%           69%         1
 Blink                    Tloc           N/A          83%         2
 Call Imp                 Summ           0%           83%         2
 Slow                     Hex            0%           83%         2
 Conjure Flame            Conj/Fire      0%           96%         3
 Mephitic Cloud           Conj/Pois/Air  0%           96%         3
 Animate Dead             Necr           3%           96%         4
 Agony                    Necr           7%           100%        5


Dungeon Overview and Level Annotations

Branches:
Dungeon (11/15)            Temple (1/1) D:5            Lair (6/6) D:11
  Snake (2/4) Lair:3        Slime (0/5) Lair:5          Orc (0/2) D:9
  Swamp: Lair:2-4    Shoals: Lair:2-4

Altars:
Ashenzari
Cheibriados
Dithmenos
Elyvilon
Fedhas
Gozag
Hepliaklqana
Kikubaaqudgha
Makhleb
Nemelex Xobeh
Okawaru
Qazlal
Ru
Sif Muna
Trog
Uskayaw
Vehumet
Wu Jian
Xom
Yredelemnul
Zin
The Shining One

Shops:
D:4 :   D:5 (   D:10 }

Annotations:
D:4 exclusion: downstairs
D:5 Prince Ribbit
D:6 3 runed translucent doors, exclusion: 3 doors, Welwordion's ghost, novice SpWr
D:9 exclusion: 2 downstairs
Lair:1 3 runed translucent doors, exclusion: 5 oklob plants, Gastronok; Sackgasse's ghost, journeyman MiBe
Lair:2 1 runed translucent door, 1 exclusion, poo4u's ghost, journeyman MiBe
Lair:3 exclusion: downstairs
Lair:5 exclusion: downstairs
Snake:1 RUPERT!!!, exclusion: downstairs, Rupert


Innate Abilities, Weirdness & Mutations

You reflexively headbutt those who attack you in melee.
You have a pair of horns on your head.


Message History

The dire elephant appears confused.
Splash!
You fall into the shallow water.
Moving in this stuff is going to be slow.
The dire elephant tramples you!!
* * * LOW HITPOINT WARNING * * *
You hold your ground!
The dire elephant trunk-slaps you but does no damage.
Your unstable footing causes you to fumble your attack.
The dire elephant misses you. You block the dire elephant's attack.
You catch the helpless dire elephant completely off-guard!
You slash the dire elephant! You freeze the dire elephant.
The dire elephant is severely wounded.
The dire elephant seems less confused.
The dire elephant tramples you!!
* * * LOW HITPOINT WARNING * * *
You hold your ground!
The dire elephant trunk-slaps you but does no damage.
Uskayaw will force your foes to helplessly watch your dance.
The dire elephant tramples you!!
You die...

..........................#......
#♣♣...[...♣########'''########♣..
####♣....###......ZZZZZ.ZZZZZ###.
..?##♣♣###...#####8.⌠.8#####...##
...# ####.###≈.###...###..###Z##
...####....#≈≈≈≈.#######.....#.Z.
##'#....####.≈≈≈≈#...(##.....####
#.#.####.8#.≈≈≈≈'...$)#.....#..#
#...#.....+..†Y@'...$[#.....'...
#..8#....8##.≈≈##...$###...##...
###'##''######### #### #########
#.#..#...# .......### ......##
.#..#.# #######


You could see a dire elephant.

Vanquished Creatures
  5 dire elephants (Lair:6)
  An entropy weaver (Lair:4)
  Josephine (Lair:5)
  A naga warrior (Snake:1)
  5 hydras
  A catoblepas (Lair:5)
  A boulder beetle (Lair:6)
  Erica (D:10)
  2 anacondas
  20 death yaks
  3 two-headed ogres
  A queen ant (Lair:4)
  2 unseen horrors
  A naga ritualist (Snake:1)
  A mana viper (Snake:1)
  An ugly thing (D:10)
  A manticore (D:11)
  A centaur zombie (D:10)
  4 black mambas
  14 elephants
  13 cane toads
  A naga mage (Snake:1)
  Maggie (Lair:1)
  8 komodo dragons
  3 rime drakes
  A troll (D:9)
  A queen bee (Lair:2)
  18 blink frogs
  3 wraiths (Lair:5)
  37 yaks
  8 wyverns
  3 basilisks
  A steam dragon (Lair:2)
  A naga (Snake:1)
  10 soldier ants
  2 swamp worms (Lair:2)
  13 water moccasins
  4 sky beasts
  5 orc warriors
  3 ice beasts
  2 phantoms (D:6)
  An eye of draining (D:10)
  5 black bears
  5 ogres
  9 wolves
  4 centaurs
  A necrophage (D:11)
  15 bullfrogs
  3 scorpions
  29 killer bees (Lair:2)
  5 wights (D:10)
  3 electric eels (Lair:5)
  A bullfrog zombie (D:10)
  15 jellies
  A quasit (D:11)
  4 orc priests
  5 hounds
  A centaur skeleton (D:10)
  A gnoll shaman (D:10)
  6 orc wizards
  2 bullfrog skeletons
  8 iguanas
  25 worker ants
  2 hound zombies (D:5)
  A hound skeleton (D:11)
  2 worker ant zombies
  7 gnolls
  4 river rats
  3 adders
  3 white imps
  4 ufetubi
  4 oozes
  An adder zombie (D:5)
  3 worms
  2 dart slugs
  9 leopard geckos
  27 orcs
  4 ball pythons
  4 bats
  6 giant cockroaches
  4 hobgoblins
  12 jackals
  3 kobolds
  7 quokkas
  5 frilled lizards
  2 goblins
  A jackal skeleton (D:5)
  A leopard gecko skeleton (D:5)
  6 rats
481 creatures vanquished.

Vanquished Creatures (collateral kills)
  A death yak (Lair:6)
  An elephant (Lair:6)
  A black mamba (Snake:1)
  2 blink frogs (Lair:6)
  A wraith (Lair:5)
  A water moccasin (Lair:6)
7 creatures vanquished.

Vanquished Creatures (others)
  4 bushes (Lair:6)
  36 fungi
  75 plants
115 creatures vanquished.

Grand Total: 603 creatures vanquished

Notes
Turn   | Place    | Note
-------+----------+-------------------------------------------
     0 | D:5      | 4Hooves2Appendages the Minotaur Delver began the quest for
                  | the Orb.
     0 | D:5      | Reached XP level 1. HP: 19/19 MP: 0/0
     5 | D:5      | Noticed an ogre
    15 | D:6      | Noticed an orc priest
   395 | D:2      | Reached XP level 2. HP: 27/27 MP: 1/1
   806 | D:1      | Reached XP level 3. HP: 33/33 MP: 2/2
  1576 | D:2      | Found a shadowy altar of Dithmenos.
  1919 | D:2      | You fall into a shaft and drop 2 floors!
  2692 | D:3      | Reached XP level 4. HP: 40/40 MP: 3/3
  2912 | D:4      | Reached skill level 5 in Maces & Flails
  3109 | D:4      | Noticed an ogre
  3134 | D:4      | Killed an ogre
  3135 | D:4      | Reached skill level 5 in Fighting
  3135 | D:4      | Reached XP level 5. HP: 48/48 MP: 4/4
  3240 | D:4      | Found Naski's Book Shop.
  3254 | D:4      | Reached skill level 1 in Armour
  3508 | D:4      | Reached XP level 6. HP: 56/56 MP: 5/5
  4383 | D:5      | Found Patiub's Antique Weapon Shoppe.
  4407 | D:5      | Reached XP level 7. HP: 57/61 MP: 6/6
  4569 | D:5      | Reached skill level 1 in Slings
  4581 | D:5      | Found a staircase to the Ecumenical Temple.
  4619 | Temple   | Entered the Ecumenical Temple
  4720 | D:5      | Bought a runed broad axe for 112 gold pieces
  4755 | Temple   | Became a worshipper of Uskayaw the Reveller
  4860 | D:5      | Reached * piety under Uskayaw
  4897 | D:5      | Reached ** piety under Uskayaw
  4898 | D:5      | Reached skill level 1 in Axes
  5205 | D:6      | Reached *** piety under Uskayaw
  5206 | D:6      | Reached skill level 2 in Axes
  5533 | D:6      | Noticed Prince Ribbit
  5788 | D:6      | Reached skill level 3 in Axes
  6216 | D:6      | Reached skill level 4 in Axes
  6546 | D:6      | Found a broken altar of Ashenzari.
  6554 | D:6      | Reached skill level 5 in Axes
  6591 | D:6      | Reached XP level 8. HP: 70/70 MP: 7/7
  6591 | D:6      | Reached **** piety under Uskayaw
  6602 | D:6      | Reached skill level 6 in Axes
  6754 | D:6      | Reached skill level 1 in Invocations
  6759 | D:6      | Reached skill level 7 in Axes
  6848 | D:6      | Found a runed translucent gate.
  6848 | D:6      | Found a runed translucent gate.
  6848 | D:6      | Found a runed translucent gate.
  6851 | D:6      | Noticed Welwordion's ghost (novice SpWr)
  6852 | D:6      | Identified the +6 short sword "Vikkop" {drain, *Contam
                  | Int+5}
  6852 | D:6      | Noticed a kobold demonologist
  8031 | D:8      | Found a bloodstained altar of Trog.
  8069 | D:8      | Reached skill level 8 in Axes
  8196 | D:8      | Reached XP level 9. HP: 79/79 MP: 8/10
  9206 | D:9      | Killed an unseen horror
  9207 | D:9      | Reached skill level 9 in Axes
  9573 | D:9      | Reached ***** piety under Uskayaw
  9574 | D:9      | Reached skill level 10 in Axes
  9574 | D:9      | Reached XP level 10. HP: 67/90 MP: 12/12
  9690 | D:9      | Noticed a two-headed ogre
  9981 | D:9      | Reached skill level 5 in Invocations
 10075 | D:9      | Found a staircase to the Orcish Mines.
 10424 | D:10     | Entered Level 10 of the Dungeon
 10424 | D:10     | Noticed a two-headed ogre
 10439 | D:10     | Reached skill level 5 in Armour
 10478 | D:10     | Noticed Erica
 10541 | D:10     | Noticed a white ugly thing
 10562 | D:10     | Killed a white ugly thing
 10766 | D:10     | Killed a two-headed ogre
 10767 | D:10     | Reached skill level 11 in Axes
 10767 | D:10     | Reached skill level 5 in Dodging
 10845 | D:10     | Found Feaceon's Gadget Shoppe.
 10894 | D:10     | Upgraded the game from 0.26.1-10-gdfb7c7de75 to
                  | 0.26.1-11-gd32895ea62
 11285 | D:10     | Got a scorched hand axe
 11286 | D:10     | Identified the +1 hand axe "Qebaud" {flame, Int+4} (You
                  | found it on level 10 of the Dungeon)
 11390 | D:10     | Killed Erica
 11391 | D:10     | Reached skill level 1 in Evocations
 11539 | D:10     | Reached XP level 11. HP: 97/97 MP: 14/14
 11974 | D:11     | Found a staircase to the Lair.
 11987 | D:11     | Noticed an eight-headed hydra
 12336 | D:11     | Killed an unseen horror
 12396 | D:11     | Noticed a two-headed ogre
 12407 | D:11     | Killed a two-headed ogre
 12920 | D:11     | Got a shadowed robe
 12952 | D:11     | Identified the +1 robe of Imperfection {Str+3} (You found
                  | it on level 11 of the Dungeon)
 13012 | D:10     | Bought a phial of floods for 480 gold pieces
 13109 | D:11     | Killed a one-headed hydra
 13225 | D:11     | Found a snail-covered altar of Cheibriados.
 13467 | D:11     | Noticed a two-headed ogre
 13491 | D:11     | Killed a two-headed ogre
 13492 | D:11     | Reached skill level 12 in Axes
 13734 | Lair:1   | Entered Level 1 of the Lair of Beasts
 13747 | Lair:2   | Found a runed translucent door.
 13761 | Lair:1   | Reached skill level 10 in Fighting
 14089 | Lair:2   | Reached skill level 5 in Evocations
 14296 | Lair:1   | Reached XP level 12. HP: 107/107 MP: 16/16
 14465 | Lair:1   | Found a runed translucent gate.
 14465 | Lair:1   | Found a runed translucent gate.
 14465 | Lair:1   | Found a runed translucent gate.
 14468 | Lair:1   | Noticed Sackgasse's ghost (journeyman MiBe)
 14700 | Lair:1   | Noticed Gastronok
 14929 | Lair:1   | Noticed Maggie
 15218 | Lair:1   | Killed Maggie
 15800 | Lair:2   | Noticed a death yak
 15800 | Lair:2   | Noticed a death yak
 15801 | Lair:2   | Noticed a death yak
 15806 | Lair:2   | Noticed a death yak
 15806 | Lair:2   | Noticed a death yak
 15806 | Lair:2   | Noticed a death yak
 16132 | Lair:1   | Killed a death yak
 16322 | Lair:2   | Noticed poo4u's ghost (journeyman MiBe)
 16508 | Lair:2   | Killed a death yak
 16523 | Lair:2   | Killed a death yak
 16524 | Lair:2   | Reached skill level 13 in Axes
 16530 | Lair:2   | Killed a death yak
 16531 | Lair:2   | Killed a death yak
 16908 | Lair:2   | Killed a death yak
 17316 | Lair:2   | Reached ****** piety under Uskayaw
 17597 | Lair:2   | Reached skill level 10 in Dodging
 17636 | Lair:2   | Reached XP level 13. HP: 34/118 MP: 0/18
 18423 | Lair:3   | Found a staircase to the Snake Pit.
 19247 | Lair:3   | Learned a level 1 spell: Animate Skeleton
 19614 | Lair:4   | Reached skill level 1 in Necromancy
 19616 | Lair:4   | Noticed an entropy weaver
 19934 | Lair:3   | Reached skill level 1 in Spellcasting
 20202 | Lair:4   | Noticed an entropy weaver
 20266 | Snake:1  | Entered Level 1 of the Snake Pit
 20725 | Snake:1  | Reached skill level 14 in Axes
 20855 | Snake:1  | Reached skill level 1 in Shields
 20856 | Snake:1  | Noticed Rupert
 21118 | Lair:4   | Killed an entropy weaver
 22356 | Lair:5   | Reached skill level 5 in Shields
 22632 | Lair:5   | Found a staircase to the Slime Pits.
 23339 | Lair:5   | Noticed Josephine
 23744 | Lair:5   | Killed Josephine
 23745 | Lair:5   | Reached XP level 14. HP: 77/119 MP: 20/20
 23980 | Lair:6   | Entered Level 6 of the Lair of Beasts
 24778 | Lair:6   | Reached skill level 10 in Invocations
 25484 | Lair:6   | Reached skill level 15 in Axes
 26551 | Lair:6   | Mangled by a dire elephant

Illustrated notes

Levels and vault maps discovered:
D:1:      nicolae_arrival_washed_ashore, layout_basic
D:2:      layout_basic, serial_forest, infiniplex_forest_lined_4_way,
          infiniplex_forest_clump_tiny, infiniplex_forest_clump_medium,
          infiniplex_forest_lined_room_, infiniplex_forest_end_2,
          infiniplex_forest_lined_3_way, kennysheep_flooded_box
D:3:      layout_basic
D:4:      layout_gridville, serial_shops, shop, dk_noncrumbling_3
D:5:      layout_cave_pools, minmay_temple_entry_offerings,
          serial_co_window_serial, co_window_paths_a, co_window_paths_a,
          co_window_paths_a, co_window_corner_a, co_window_corner_a,
          co_window_corner_cb, co_window_corner_b, co_window_broadway_b,
          co_window_broadway_b, glass_columns_b, glass_columns_b,
          glass_columns_a, serial_shops, kennysheep_little_box,
          minmay_crystal_room, grunt_ministairs_10
D:6:      layout_loops_cross, gammafunk_ghost_nasty_kobolds,
          portal_sewer_entry_e, evilmike_ruin_ashenzari, uniq_prince_ribbit1
D:7:      layout_basic
D:8:      layout_basic, general_overflow_altar, grunt_ministairs_2,
          minmay_misc_feat_chi
D:9:      layout_irregular_city, orc_0_dummy, small_chamber_with_monster,
          trog_book
D:10:     cheibrodos_fzero, layout_rooms, serial_shops, shop, uniq_erica
D:11:     layout_irregular_city, david_lair_generic, basic_altar
Temple:   grunt_wide_crystal_templ
Lair:1:   dpeg_oklob_gauntlet, layout_cave_shapes, ebering_ghost_rock_garden,
          st_stairs_8, grunt_megastairs_1, minmay_lair_oklob_chamber,
          serial_bayou_shore_a, uniq_gastronok, uniq_maggie
Lair:2:   regret_index_bee_streams, layout_hall_layers,
          nicolae_swamp_entry_splash_gauntlet, ebering_ghost_inner_flame
Lair:3:   layout_long_grid, dummy_snake_entry, serial_rivers,
          chequers_serial_rivers_small_3, chequers_serial_rivers_small_b,
          chequers_serial_rivers_small_3, chequers_serial_rivers_marsh,
          chequers_serial_rivers_small_3, chequers_serial_rivers_micro_c,
          lemuel_fruit_tree, grunt_megastairs_2
Lair:4:   layout_gridlike, minmay_another_anthill, serial_bayou_shore_b
Lair:5:   layout_gridlike, minmay_slime_entry_jelly_boxes, uniq_josephine
Lair:6:   due_jungle_book, layout_concentric_octagons, nzn_sisyphean_effort
Snake:1:  layout_onion_interference, basic_altar, serial_bayou_pond_d,
          serial_bayou_pond_d, uniq_rupert
Snake:2:  layout_onion, guppyfry_library_mini

Skill      XL: |  1  2  3  4  5  6  7  8  9 10 11 12 13 14 |
---------------+-------------------------------------------+-----
Fighting       | 4 5 6 7 8 9 10 12 13 | 13.3
Maces & Flails | 3 4 6 7 |  7.0
Armour         | 3 4 6 8 |  8.3
Slings         | 2 4 |  4.0
Axes           | 5 8 10 11 12 13 14 15 | 15.1
Invocations    | 2 4 6 7 9 10 | 10.4
Dodging        | 3 6 7 10 11 | 11.4
Evocations     | 1 5 |  5.4
Necromancy     | 3 |  3.0
Spellcasting   | 1 |  1.0
Shields        | 5 9 |  9.1
Stealth        | |  4.1

Action                   |  1- 3 |  4- 6 |  7- 9 | 10-12 | 13-15 || total
-------------------------+-------+-------+-------+-------+-------++-------
Melee: Mace              |    84 |    45 |       |       |       ||   129
       Headbutt          |    12 |    16 |    34 |    75 |   111 ||   248
       Flail             |       |    17 |    10 |       |       ||    27
       Broad axe         |       |       |   139 |   382 |   455 ||   976
       Hand axe          |       |       |       |    11 |    28 ||    39
 Fire: Hunting sling     |       |    38 |   112 |   161 |   201 ||   512
Throw: Stone             |    21 |     7 |     4 |    11 |     8 ||    51
       Dart              |       |     5 |     1 |    28 |    17 ||    51
       Javelin           |       |     2 |     5 |       |     1 ||     8
       Boomerang         |       |       |       |     7 |    12 ||    19
 Cast: Animate Skeleton  |       |       |       |       |    30 ||    30
Invok: Line Pass         |       |       |     1 |    17 |     8 ||    26
       Stomp             |       |       |       |     2 |       ||     2
Evoke: Wand              |       |       |       |       |    12 ||    12
       Phial of floods   |       |       |       |       |     3 ||     3
       Box of beasts     |       |       |       |       |     1 ||     1
  Use: Scroll            |       |     5 |     6 |     6 |    12 ||    29
       Potion            |       |     1 |     1 |     2 |       ||     4
 Stab: Sleeping          |     3 |       |       |       |     2 ||     5
       Paralysed         |       |       |     9 |    22 |    47 ||    78
       Confused          |       |       |       |     3 |     4 ||     7
Armor: Leather armour    |    13 |       |       |     2 |       ||    15
       Scale mail        |    14 |    14 |    31 |       |       ||    59
       Chain mail        |       |       |    16 |    12 |       ||    28
       Plate armour      |       |       |       |    69 |       ||    69
       Ring mail         |       |       |       |    18 |       ||    18
       Swamp dragon scal |       |       |       |    31 |    70 ||   101
Dodge: Dodged            |    54 |    42 |    79 |   336 |   314 ||   825
Block: Kite shield       |       |       |       |       |    27 ||    27
